 Dungeon Crawl Stone Soup version 0.26-a0-812-g31a745ddcd (webtiles) character file.

Game seed: 1706607145220979985

182 night the Ogre Mage (level 5, 0/45 HPs)
             Began as an Ogre Fire Elementalist on Nov 26, 2020.
             Slain by a scorpion (5 damage)
             ... on level 4 of the Dungeon.
             The game lasted 00:09:09 (4183 turns).

night the Ogre Mage (Ogre Fire Elementalist)        Turns: 4183, Time: 00:09:09

Health: 0/45       AC:  6    Str: 12    XL:     5   Next: 61%
Magic:  11/11      EV: 10    Int: 17    God:
Gold:   88         SH:  0    Dex:  9    Spells: 11/12 levels left

rFire    . . .     SeeInvis .   i - +0 whip (elec)
rCold    . . .     Faith    .   (no shield)
rNeg     . . .     Spirit   .   a - +0 robe
rPois    .         Reflect  .   r - +2 hat
rElec    .         Harm     .   h - +0 cloak
rCorr    .         Rampage  .   (gloves unavailable)
MR       .....                  (boots unavailable)
Stlth    +.........             (no amulet)
HPRegen  0.15/turn              f - ring of flight
MPRegen  0.12/turn              (no ring)

@: lethally poisoned (0 -> -2)
A: large, unfitting armour, tough skin 1
a: Evoke Flight


You were on level 4 of the Dungeon.
You visited 1 branch of the dungeon, and saw 4 of its levels.

You collected 248 gold pieces.
You spent 160 gold pieces at shops.

Inventory:

Hand Weapons
 i - a +0 whip of electrocution (weapon)
Missiles
 q - a throwing net (quivered)
Armour
 a - a +0 robe (worn)
 h - a +0 cloak (worn)
 r - a +2 hat (worn)
Jewellery
 f - a ring of flight (left hand)
 o - an uncursed ring of stealth
Scrolls
 b - 6 scrolls of identify {unknown}
 c - 2 scrolls of amnesia {unknown}
 d - a scroll of random uselessness {unknown}
 g - 6 scrolls of remove curse {unknown}
 k - a scroll of enchant weapon {unknown}
 m - a scroll of teleportation {unknown}
Potions
 e - a potion of mutation {unknown}
 l - a potion of brilliance {unknown}
 p - a potion of lignification {unknown}


   Skills:
 - Level 1.7 Dodging
 - Level 1.4 Stealth
 + Level 4.1 Spellcasting
 + Level 2.8 Conjurations
 + Level 3.8 Fire Magic


You had 11 spell levels left.
You knew the following spells:

 Your Spells              Type           Power        Failure   Level
a - Foxfire               Conj/Fire      ##..         4%          1

Your spell library contained the following spells:

 Spells                   Type           Power        Failure   Level
 Conjure Flame            Conj/Fire      ##......     12%         3
 Inner Flame              Hex/Fire       ##......     22%         3
 Sticky Flame             Conj/Fire      ##......     36%         4
 Fireball                 Conj/Fire      ##........   73%         5


Dungeon Overview and Level Annotations

Branches:
Dungeon (4/15)
 Temple: D:4-7

Altars:

Shops:
D:4 [


Innate Abilities, Weirdness & Mutations

You are too large for most types of armour.
You have tough skin. (AC +1)


Message History

The scorpion is almost dead.
The scorpion stings you.
You are poisoned.
The scorpion poisons you!
You closely miss the scorpion.
The scorpion is almost dead.
You feel sick.
The scorpion stings you but does no damage.
You barely miss the scorpion.
The scorpion is almost dead.
You feel sick. The scorpion stings you.
* * * LOW HITPOINT WARNING * * *
You hit the scorpion.
The scorpion is almost dead.
The scorpion stings you.
* * * LOW HITPOINT WARNING * * *
You closely miss the scorpion.
The scorpion is almost dead.
You feel sick. The scorpion stings you.
You die...

############
#...........
########.#########.
#........# #.
#.######## #######.
#.# ........ #.#
########
###.#######. #
#..s@....... ..###
#.#.#######. #....
#.#.# ###.# #.#.#
#.# #.#.# # # #.#.#
# #.#.# # #.#.# #
#.# #


You could see a scorpion.

Vanquished Creatures
  A worker ant (D:4)
  Natasha (D:4)
  6 adders (D:2)
  An ooze (D:2)
  A worm (D:2)
  A dart slug (D:1)
  2 leopard geckos
  3 orcs
  5 bats
  2 giant cockroaches
  7 hobgoblins
  13 jackals
  4 kobolds
  2 quokkas
  A frilled lizard (D:1)
  6 goblins
  10 rats
66 creatures vanquished.

Vanquished Creatures (others)
  157 foxfires
157 creatures vanquished.

Grand Total: 223 creatures vanquished

Notes
Turn   | Place    | Note
-------+----------+-------------------------------------------
     0 | D:1      | night the Ogre Fire Elementalist began the quest for the
                  | Orb.
     0 | D:1      | Reached XP level 1. HP: 16/16 MP: 3/3
    87 | D:1      | Reached skill level 1 in Conjurations
   296 | D:1      | Reached XP level 2. HP: 23/24 MP: 0/5
  1005 | D:1      | Reached skill level 3 in Spellcasting
  1449 | D:2      | Reached XP level 3. HP: 28/31 MP: 7/7
  1834 | D:2      | Reached skill level 2 in Conjurations
  1965 | D:2      | Reached XP level 4. HP: 20/39 MP: 2/9
  3108 | D:3      | Reached XP level 5. HP: 45/45 MP: 8/10
  3747 | D:4      | Found Ylicoirch's Armour Shoppe.
  3756 | D:4      | Bought a +2 hat for 160 gold pieces
  3870 | D:4      | Reached skill level 4 in Spellcasting
  3991 | D:4      | Noticed Natasha
  3999 | D:4      | Killed Natasha
  4172 | D:4      | HP: 6/45 [scorpion (1)]
  4173 | D:4      | HP: 1/45 [scorpion (4)]
  4182 | D:4      | HP: 6/45 [scorpion (6)]
  4183 | D:4      | Slain by a scorpion

Illustrated notes

Levels and vault maps discovered:
D:1:      dpeg_arrival_rooms_b, layout_basic
D:2:      layout_basic, serial_corexii_hall, corexii_hall_statues_s,
          chequers_hall_statues_wall_a, chequers_hall_statues_y,
          minmay_stone_trees_small
D:3:      layout_loops_ring
D:4:      layout_loops_ring, serial_shops, shop, uniq_natasha

Skill      XL: |  1  2  3  4  5 |
---------------+----------------+-----
Conjurations   | 1 2 |  2.8
Fire Magic     | 3 |  3.8
Spellcasting   | 3 4 |  4.1
Dodging        | |  1.7
Stealth        | |  1.4

Action                   |  1- 3 |  4- 6 || total
-------------------------+-------+-------++-------
Melee: Unarmed           |    16 |       ||    16
       Whip              |    22 |   105 ||   127
 Cast: Foxfire           |    49 |    38 ||    87
  Use: Potion            |       |     2 ||     2
 Stab: Sleeping          |       |     1 ||     1
Armor: Robe              |    33 |    43 ||    76
Dodge: Dodged            |    65 |    59 ||   124

Table legend: (Time is in decaauts)
 A = Elapsed time spent in this place.
 B = Non-inter-level travel time spent in this place.
 C = Inter-level travel time spent in this place.
 D = Time resting spent in this place.
 E = Time spent auto-exploring this place.
 F = Levels seen in this place.
 G = Mean time per level.
                   A        B        C        D        E       F      G
               +--------+--------+--------+--------+--------+-----+--------+
         Total |   4193 |   4153 |     40 |    915 |   2513 |   4 | 1048.2 |
       Dungeon |   4193 |   4153 |     40 |    915 |   2513 |   4 | 1048.2 |
               +--------+--------+--------+--------+--------+-----+--------+

Top non-repeatable levels by time:
     D:2: 1487 daAuts
     D:1: 1396 daAuts
     D:3: 867 daAuts
     D:4: 442 daAuts
